TOP OF THE 1ST |
Hagerstown Suns batting - Pitching for Wisconsin Timber Rattlers : RHP Julian Urbina
|
Pitching: RHP Julian Urbina
|
|
Batting: RHB Victor Rojas
|
0-0: Called Strike 0-1: Ball 1-1: Called Strike 1-2: Ball 2-2: Strikes out swinging
|
Batting: RHB Leo Gutierrez
|
0-0: Swinging Strike 0-1: Ground out 1-3 (Groundball, 15S, EV 67.5 MPH)
|
Batting: RHB Hun-hyeon Kym
|
0-0: Called Strike 0-1: Ball 1-1: Ball 2-1: Foul Ball, location: 2F 2-2: Strikes out swinging
|
Top of the 1st over - 0 runs, 0 hits, 0 errors, 0 left on base; Hagerstown 0 - Wisconsin 0 |
BOTTOM OF THE 1ST |
Wisconsin Timber Rattlers batting - Pitching for Hagerstown Suns : LHP Ed Thorpe Jr.
|
Pitching: LHP Ed Thorpe Jr.
|
|
Batting: RHB Victor Alarcon
|
0-0: Foul Ball, location: 2F 0-1: Ball 1-1: Called Strike 1-2: SOLO HOME RUN (Flyball, 78XD, EV 106.2 MPH), Distance : 399 ft
|
Batting: RHB Jose Cerritos
|
0-0: Ball 1-0: Called Strike 1-1: Ground out 6-3 (Groundball, 6, EV 86.9 MPH)
|
Batting: SHB Jerry Duffy
|
0-0: Swinging Strike 0-1: Ball 1-1: SINGLE (Groundball, 6M, EV 82.5 MPH) (infield hit)
|
Batting: LHB Kwang-chih Men
|
0-0: Ball 1-0: Ball 2-0: Ball 3-0: Called Strike 3-1: Base on Balls Jerry Duffy to second
|
Batting: RHB Dan Allred
|
0-0: Ball 1-0: Foul Ball, location: 2F 1-1: Called Strike 1-2: Ball 2-2: Fielders Choice at 2nd, 6-4 (Groundball, 6, EV 108.1 MPH) Jerry Duffy to third
|
Batting: LHB Mark Backstrom
|
0-0: Ball 1-0: Called Strike 1-1: Ground out 4-3 (Groundball, 4, EV 88.8 MPH)
|
Bottom of the 1st over - 1 run, 2 hits, 0 errors, 2 left on base; Hagerstown 0 - Wisconsin 1 |
TOP OF THE 2ND |
Hagerstown Suns batting - Pitching for Wisconsin Timber Rattlers : RHP Julian Urbina
|
Batting: RHB Colin Morris
|
0-0: Ball 1-0: Called Strike 1-1: Ball 2-1: Called Strike 2-2: Strikes out swinging
|
Batting: SHB Ed Thorpe Jr.
|
0-0: Ball 1-0: Foul Ball, location: 2F 1-1: Ball 2-1: Fly out, F7 (Flyball, 78S, EV 90.0 MPH)
|
Batting: RHB Rudolph Lentz
|
0-0: Called Strike 0-1: Ball 1-1: Ball 2-1: Foul Ball, location: 2F 2-2: Ball 3-2: Strikes out swinging
|
Top of the 2nd over - 0 runs, 0 hits, 0 errors, 0 left on base; Hagerstown 0 - Wisconsin 1 |
BOTTOM OF THE 2ND |
Wisconsin Timber Rattlers batting - Pitching for Hagerstown Suns : LHP Ed Thorpe Jr.
|
Batting: SHB Robert Sayer
|
0-0: Ball 1-0: Swinging Strike 1-1: Ground out 5-3 (Groundball, 5, EV 112.5 MPH)
|
Batting: SHB Ramon Perez
|
0-0: Called Strike 0-1: Foul Ball, location: 2F 0-2: Foul Ball, location: 2F 0-2: Foul Ball, location: 2F 0-2: Strikes out looking
|
Batting: RHB Chris Fruit
|
0-0: Ground out 5-3 (Groundball, 56S, EV 89.4 MPH)
|
Bottom of the 2nd over - 0 runs, 0 hits, 0 errors, 0 left on base; Hagerstown 0 - Wisconsin 1 |
TOP OF THE 3RD |
Hagerstown Suns batting - Pitching for Wisconsin Timber Rattlers : RHP Julian Urbina
|
Batting: RHB Alex Martinez
|
0-0: Swinging Strike 0-1: Ball 1-1: Called Strike 1-2: Ball 2-2: Ball 3-2: SINGLE (Line Drive, 7LS, EV 94.4 MPH)
|
Batting: RHB Joe Simmelink
|
0-0: Called Strike 0-1: Fly out, F9 (Flyball, 9, EV 84.4 MPH)
|
Batting: RHB Charlie Iacovone
|
0-0: Swinging Strike 0-1: Ball 1-1: SINGLE (Line Drive, 9S, EV 93.8 MPH) Alex Martinez to second Runner from 2nd tries for 3rd, SAFE, throw by RF made to third
|
Batting: RHB Victor Rojas
|
0-0: Called Strike Charlie Iacovone is caught stealing 2nd base 2-4 0-1: Ball 1-1: Foul Ball, location: 2F 1-2: Strikes out swinging
|
Top of the 3rd over - 0 runs, 2 hits, 0 errors, 1 left on base; Hagerstown 0 - Wisconsin 1 |
BOTTOM OF THE 3RD |
Wisconsin Timber Rattlers batting - Pitching for Hagerstown Suns : LHP Ed Thorpe Jr.
|
Batting: RHB Victor Alarcon
|
0-0: Swinging Strike 0-1: Fly out, F3 (Popup, 3SF, EV 81.9 MPH)
|
Batting: RHB Jose Cerritos
|
0-0: Called Strike 0-1: Swinging Strike 0-2: Foul Ball, location: 2F 0-2: Strikes out swinging
|
Batting: SHB Jerry Duffy
|
0-0: Called Strike 0-1: Ball 1-1: Foul Ball, location: 2F 1-2: Foul Ball, location: 2F 1-2: Ball 2-2: Ground out 5-3 (Groundball, 56, EV 86.9 MPH)
|
Bottom of the 3rd over - 0 runs, 0 hits, 0 errors, 0 left on base; Hagerstown 0 - Wisconsin 1 |
TOP OF THE 4TH |
Hagerstown Suns batting - Pitching for Wisconsin Timber Rattlers : RHP Julian Urbina
|
Batting: RHB Leo Gutierrez
|
0-0: Ball 1-0: Ball 2-0: Called Strike 2-1: Foul Ball, location: 2F 2-2: Ball 3-2: Ground out 4-3 (Groundball, 4, EV 86.9 MPH)
|
Now at 2B: Kwang-chih Men
|
|
Now at 3B: Juan Villanueva
|
|
Batting: RHB Hun-hyeon Kym
|
0-0: Ball 1-0: Called Strike 1-1: Fly out, F8 (Flyball, 89D, EV 98.1 MPH)
|
Batting: RHB Colin Morris
|
0-0: Called Strike 0-1: Fly out, F7 (Flyball, 78M, EV 88.8 MPH)
|
Top of the 4th over - 0 runs, 0 hits, 0 errors, 0 left on base; Hagerstown 0 - Wisconsin 1 |
BOTTOM OF THE 4TH |
Wisconsin Timber Rattlers batting - Pitching for Hagerstown Suns : LHP Ed Thorpe Jr.
|
Batting: LHB Kwang-chih Men
|
0-0: Ball 1-0: Ground out 2-3 (Groundball, 2L, EV 75.6 MPH)
|
Batting: RHB Dan Allred
|
0-0: Swinging Strike 0-1: Ball 1-1: Foul Ball, location: 2F 1-2: Ball 2-2: Fly out, F9 (Flyball, 9, EV 89.4 MPH)
|
Batting: LHB Mark Backstrom
|
0-0: Foul Ball, location: 2F 0-1: Foul Ball, location: 2F 0-2: Ground out 4-3 (Groundball, 4D, EV 106.9 MPH)
|
Bottom of the 4th over - 0 runs, 0 hits, 0 errors, 0 left on base; Hagerstown 0 - Wisconsin 1 |
TOP OF THE 5TH |
Hagerstown Suns batting - Pitching for Wisconsin Timber Rattlers : RHP Julian Urbina
|
Batting: SHB Ed Thorpe Jr.
|
0-0: Foul Ball, location: 2F 0-1: Ground out 4-3 (Groundball, 4, EV 88.1 MPH)
|
Batting: RHB Rudolph Lentz
|
0-0: Ball 1-0: Ball 2-0: Ball 3-0: Called Strike 3-1: DOUBLE (Line Drive, 78D, EV 102.5 MPH)
|
Batting: RHB Alex Martinez
|
0-0: Called Strike 0-1: Foul Ball, location: 2F 0-2: Fly out, F8 (Flyball, 8LD, EV 78.8 MPH)
|
Batting: RHB Joe Simmelink
|
0-0: Called Strike 0-1: Ball 1-1: Ground out 5-3 (Groundball, 56, EV 102.5 MPH)
|
Top of the 5th over - 0 runs, 1 hit, 0 errors, 1 left on base; Hagerstown 0 - Wisconsin 1 |
BOTTOM OF THE 5TH |
Wisconsin Timber Rattlers batting - Pitching for Hagerstown Suns : LHP Ed Thorpe Jr.
|
Batting: SHB Robert Sayer
|
0-0: DOUBLE (Line Drive, 78D, EV 108.8 MPH)
|
Batting: SHB Ramon Perez
|
0-0: Ball 1-0: Ball 2-0: Called Strike 2-1: Called Strike 2-2: Foul Ball, location: 2F 2-2: Strikes out swinging
|
Batting: RHB Chris Fruit
|
0-0: DOUBLE (Flyball, 8RXD, EV 101.2 MPH) Robert Sayer scores
|
Batting: RHB Victor Alarcon
|
0-0: Called Strike 0-1: Called Strike 0-2: Strikes out swinging
|
Batting: RHB Juan Villanueva
|
0-0: Foul Ball, location: 2F 0-1: Ball 1-1: Swinging Strike 1-2: Ball 2-2: Ball 3-2: Foul Ball, location: 2F 3-2: Base on Balls
|
Batting: SHB Jerry Duffy
|
0-0: Called Strike 0-1: Swinging Strike 0-2: Ball 1-2: Strikes out swinging
|
Bottom of the 5th over - 1 run, 2 hits, 0 errors, 2 left on base; Hagerstown 0 - Wisconsin 2 |
TOP OF THE 6TH |
Hagerstown Suns batting - Pitching for Wisconsin Timber Rattlers : RHP Julian Urbina
|
Batting: RHB Charlie Iacovone
|
0-0: Ball 1-0: Called Strike 1-1: Swinging Strike 1-2: Strikes out swinging
|
Batting: RHB Victor Rojas
|
0-0: Ball 1-0: Swinging Strike 1-1: Swinging Strike 1-2: Ball 2-2: TRIPLE (Line Drive, 89XD, EV 110.6 MPH)
|
Batting: RHB Leo Gutierrez
|
0-0: Called Strike 0-1: Swinging Strike 0-2: Ball 1-2: Strikes out looking
|
Batting: RHB Hun-hyeon Kym
|
0-0: Ball 1-0: Foul Ball, location: 2F 1-1: Ball 2-1: Fly out, F8 (Flyball, 8LXD, EV 103.8 MPH)
|
Top of the 6th over - 0 runs, 1 hit, 0 errors, 1 left on base; Hagerstown 0 - Wisconsin 2 |
BOTTOM OF THE 6TH |
Wisconsin Timber Rattlers batting - Pitching for Hagerstown Suns : LHP Ed Thorpe Jr.
|
Batting: LHB Kwang-chih Men
|
0-0: Ball 1-0: Foul Ball, location: 2F 1-1: Fly out, F8 (Flyball, 8RD, EV 77.5 MPH)
|
Batting: RHB Dan Allred
|
0-0: SINGLE (Flyball, 8LS, EV 89.4 MPH)
|
Batting: LHB Mark Backstrom
|
0-0: Ball 1-0: Swinging Strike 1-1: Ball 2-1: Foul Ball, location: 2F 2-2: Ball 3-2: Strikes out looking
|
Pitching: RHP Tim Schultz
|
|
Batting: SHB Robert Sayer
|
0-0: Called Strike 0-1: Called Strike 0-2: Ball 1-2: Strikes out looking
|
Bottom of the 6th over - 0 runs, 1 hit, 0 errors, 1 left on base; Hagerstown 0 - Wisconsin 2 |
TOP OF THE 7TH |
Hagerstown Suns batting - Pitching for Wisconsin Timber Rattlers : RHP Julian Urbina
|
Batting: RHB Colin Morris
|
0-0: Foul Ball, location: 2F 0-1: Called Strike 0-2: Ball 1-2: Ball 2-2: DOUBLE (Line Drive, 78M, EV 93.8 MPH)
|
Batting: SHB Ed Thorpe Jr.
|
0-0: Ball 1-0: Called Strike 1-1: Fly out, F8 (Flyball, 8LM, EV 74.4 MPH)
|
Pinch Hitting: SHB Nolan Carew
|
0-0: Ball 1-0: Called Strike 1-1: Swinging Strike 1-2: Strikes out looking
|
Pinch Hitting: RHB Qian Tai
|
0-0: Ball 1-0: Ball 2-0: Ball 3-0: Base on Balls
|
Pitching: LHP Juan Gonzalez
|
|
Batting: RHB Joe Simmelink
|
0-0: TRIPLE (Line Drive, 89XD, EV 107.5 MPH) Colin Morris scores Qian Tai scores
|
Batting: RHB Charlie Iacovone
|
0-0: Called Strike 0-1: Fly out, F6 (Popup, 15S, EV 88.1 MPH)
|
Top of the 7th over - 2 runs, 2 hits, 0 errors, 1 left on base; Hagerstown 2 - Wisconsin 2 |
BOTTOM OF THE 7TH |
Wisconsin Timber Rattlers batting - Pitching for Hagerstown Suns : RHP Tim Schultz
|
Now at 1B: Nolan Carew
|
|
Now at 2B: Jason Ewert
|
|
Now in LF: Leo Gutierrez
|
|
Batting: SHB Ramon Perez
|
0-0: Called Strike 0-1: Fly out, F7 (Flyball, 7, EV 95.6 MPH)
|
Batting: RHB Chris Fruit
|
0-0: Called Strike 0-1: Ball 1-1: Ground out 4-3 (Groundball, 4M, EV 103.1 MPH)
|
Batting: RHB Victor Alarcon
|
0-0: Ball 1-0: Foul Ball, location: 2F 1-1: Ball 2-1: Ball 3-1: SINGLE (Groundball, 5S, EV 64.4 MPH) (infield hit)
|
Batting: RHB Juan Villanueva
|
0-0: Ball Victor Alarcon is caught stealing 2nd base 2-4
|
Bottom of the 7th over - 0 runs, 1 hit, 0 errors, 0 left on base; Hagerstown 2 - Wisconsin 2 |
TOP OF THE 8TH |
Hagerstown Suns batting - Pitching for Wisconsin Timber Rattlers : LHP Juan Gonzalez
|
Pinch Hitting: RHB Luis Vargas
|
0-0: Ball 1-0: Called Strike 1-1: Called Strike 1-2: Ball 2-2: Foul Ball, location: 2F 2-2: Strikes out looking
|
Batting: RHB Leo Gutierrez
|
0-0: Ball 1-0: SINGLE (Line Drive, 34, EV 105.0 MPH)
|
Batting: RHB Hun-hyeon Kym
|
0-0: Ball Leo Gutierrez is caught stealing 2nd base 2-4 1-0: Swinging Strike 1-1: Ball 2-1: Ball 3-1: Ground out 5-3 (Groundball, 56, EV 80.6 MPH)
|
Top of the 8th over - 0 runs, 1 hit, 0 errors, 0 left on base; Hagerstown 2 - Wisconsin 2 |
BOTTOM OF THE 8TH |
Wisconsin Timber Rattlers batting - Pitching for Hagerstown Suns : RHP Tim Schultz
|
Pitching: RHP Steve Schneider
|
|
Now in LF: Yok-sing Szema
|
|
Now in RF: Leo Gutierrez
|
|
Batting: RHB Juan Villanueva
|
0-0: Swinging Strike 0-1: Swinging Strike 0-2: Ball 1-2: SINGLE (Line Drive, 34, EV 106.9 MPH)
|
Batting: SHB Jerry Duffy
|
0-0: Ball 1-0: Fielders Choice at 2nd, 6-4 (Groundball, 6S, EV 85.0 MPH)
|
Batting: LHB Kwang-chih Men
|
0-0: Called Strike 0-1: Ball 1-1: Ball 2-1: Called Strike 2-2: Ball 3-2: Base on Balls Jerry Duffy to second
|
Pinch Hitting: SHB Sam Bingham
|
0-0: Ball 1-0: Called Strike 1-1: Called Strike 1-2: Strikes out swinging
|
Batting: LHB Mark Backstrom
|
0-0: Called Strike 0-1: Swinging Strike 0-2: Ball 1-2: Strikes out swinging
|
Bottom of the 8th over - 0 runs, 1 hit, 0 errors, 2 left on base; Hagerstown 2 - Wisconsin 2 |
TOP OF THE 9TH |
Hagerstown Suns batting - Pitching for Wisconsin Timber Rattlers : LHP Juan Gonzalez
|
Pitching: LHP Bill Dunham
|
|
Now in CF: Steven Donovan
|
|
Batting: RHB Colin Morris
|
0-0: Called Strike 0-1: Ball 1-1: Foul Ball, location: 2F 1-2: Foul Ball, location: 2F 1-2: Foul Ball, location: 2F 1-2: Foul Ball, location: 2F 1-2: Ball 2-2: Foul Ball, location: 2F 2-2: Strikes out swinging
|
Batting: SHB Ed Thorpe Jr.
|
0-0: Called Strike 0-1: Ball 1-1: SINGLE (Groundball, 56D, EV 107.5 MPH) (infield hit)
|
Batting: SHB Nolan Carew
|
0-0: Called Strike 0-1: Ball 1-1: Sac Bunt to 15 - play at first, batter OUT! 1-3 Ed Thorpe Jr. to second
|
Batting: RHB Jason Ewert
|
0-0: Ball 1-0: SINGLE (Flyball, 7LS, EV 92.5 MPH) Ed Thorpe Jr. to third Runner from 3rd tries for Home, throw by LF and OUT! 7-2
|
Top of the 9th over - 0 runs, 2 hits, 0 errors, 1 left on base; Hagerstown 2 - Wisconsin 2 |
BOTTOM OF THE 9TH |
Wisconsin Timber Rattlers batting - Pitching for Hagerstown Suns : RHP Steve Schneider
|
Pitching: RHP Chris Lawrence
|
|
Batting: SHB Robert Sayer
|
0-0: Called Strike 0-1: Called Strike 0-2: Foul Ball, location: 2F 0-2: Strikes out looking
|
Batting: SHB Ramon Perez
|
0-0: Foul Ball, location: 2F 0-1: Called Strike 0-2: Ball 1-2: Ball 2-2: Strikes out looking
|
Pinch Hitting: LHB Tyler Francis
|
0-0: Called Strike 0-1: Ball 1-1: Called Strike 1-2: Strikes out swinging
|
Bottom of the 9th over - 0 runs, 0 hits, 0 errors, 0 left on base; Hagerstown 2 - Wisconsin 2 |
TOP OF THE 10TH |
Hagerstown Suns batting - Pitching for Wisconsin Timber Rattlers : LHP Bill Dunham
|
Now at C: Greg Reedy
|
|
Batting: RHB Joe Simmelink
|
0-0: Called Strike 0-1: Swinging Strike 0-2: Ball 1-2: Foul Ball, location: 2F 1-2: Ball 2-2: Ball 3-2: Foul Ball, location: 2F 3-2: Strikes out looking
|
Batting: RHB Charlie Iacovone
|
0-0: Called Strike 0-1: Ball 1-1: Swinging Strike 1-2: Strikes out swinging, 2-3 out at first.
|
Batting: RHB Yok-sing Szema
|
0-0: Ball 1-0: Foul Ball, location: 2F 1-1: Ball 2-1: Ground out 4-3 (Groundball, 4, EV 87.5 MPH)
|
Top of the 10th over - 0 runs, 0 hits, 0 errors, 0 left on base; Hagerstown 2 - Wisconsin 2 |
BOTTOM OF THE 10TH |
Wisconsin Timber Rattlers batting - Pitching for Hagerstown Suns : RHP Chris Lawrence
|
Batting: RHB Victor Alarcon
|
0-0: Called Strike 0-1: Foul Ball, location: 2F 0-2: Ball 1-2: SINGLE (Line Drive, 3D, EV 93.8 MPH)
|
Batting: RHB Juan Villanueva
|
0-0: Ball 1-0: Foul Ball, location: 2F 1-1: Called Strike 1-2: Ball 2-2: Foul Ball, location: 2F 2-2: Fielders Choice at 2nd, 5-4 (Groundball, 56, EV 108.1 MPH)
|
Batting: SHB Jerry Duffy
|
0-0: Foul Ball, location: 2F 0-1: Fly out, F8 (Flyball, 8RM, EV 90.6 MPH)
|
Batting: LHB Kwang-chih Men
|
0-0: SINGLE (Flyball, 9LS, EV 83.1 MPH) Juan Villanueva to second Runner from 2nd tries for 3rd, OUT! 9-5
|
Bottom of the 10th over - 0 runs, 2 hits, 0 errors, 1 left on base; Hagerstown 2 - Wisconsin 2 |
TOP OF THE 11TH |
Hagerstown Suns batting - Pitching for Wisconsin Timber Rattlers : LHP Bill Dunham
|
Pitching: RHP Ernie Borden
|
|
Batting: RHB Leo Gutierrez
|
0-0: Ball 1-0: Ball 2-0: Called Strike 2-1: Ball 3-1: Base on Balls
|
Batting: RHB Hun-hyeon Kym
|
0-0: Foul Ball, location: 2F 0-1: Called Strike Leo Gutierrez steals 2nd base (no throw) 0-2: Ball 1-2: Foul Ball, location: 2F 1-2: Foul Ball, location: 2F 1-2: Strikes out swinging
|
Batting: RHB Colin Morris
|
0-0: Swinging Strike 0-1: Ball 1-1: Ball 2-1: Ball 3-1: Foul Ball, location: 2F 3-2: Foul Ball, location: 2F 3-2: Strikes out swinging
|
Batting: SHB Ed Thorpe Jr.
|
0-0: Ball 1-0: Foul Ball, location: 2F 1-1: Foul Ball, location: 2F 1-2: Foul Ball, location: 2F 1-2: Foul Ball, location: 2F 1-2: Ball 2-2: Ground out 3-1 (Groundball, 34S, EV 86.9 MPH)
|
Top of the 11th over - 0 runs, 0 hits, 0 errors, 1 left on base; Hagerstown 2 - Wisconsin 2 |
BOTTOM OF THE 11TH |
Wisconsin Timber Rattlers batting - Pitching for Hagerstown Suns : RHP Chris Lawrence
|
Batting: LHB Steven Donovan
|
0-0: Fly out, F7 (Flyball, 7, EV 90.0 MPH)
|
Batting: LHB Mark Backstrom
|
0-0: Called Strike 0-1: Swinging Strike 0-2: Ball 1-2: Strikes out swinging
|
Batting: SHB Robert Sayer
|
0-0: SOLO HOME RUN (Flyball, 89XD, EV 100.6 MPH), Distance : 396 ft
|
Bottom of the 11th over - 1 run, 1 hit, 0 errors, 0 left on base; Hagerstown 2 - Wisconsin 3 |
|